 Dungeon Crawl Stone Soup version 0.17-a0-1678-g710b578 (console) character file.

766 Monkaria the Covert (level 7, -14/34 HPs)
             Began as a Felid Chaos Knight on Aug 19, 2015.
             Demolished by a wyvern (18 damage)
             ... on level 6 of the Dungeon.
             The game lasted 00:14:20 (6146 turns).

Monkaria the Covert (Felid Chaos Knight)            Turns: 6146, Time: 00:14:20

Health: -14/34     AC:  5    Str: 10    XL:     7   Next: 52%
Magic:  8/8        EV: 23    Int: 13    God:    Xom [....*.]
Gold:   4          SH:  2    Dex: 16    Spells: 0 memorised, 6 levels left
                                        Lives:  0   Deaths: 2

rFire  . . .     SeeInvis +       - Unarmed
rCold  . . .     Clarity  .     (armour unavailable)
rNeg   . . .     SustAt   +     (shield unavailable)
rPois  .         Gourm    .     (helmet unavailable)
rElec  .         Spirit   .     (cloak unavailable)
rCorr  .         Warding  .     (gloves unavailable)
rMut   .         Stasis   .     (boots unavailable)
MR     +....                    r - amulet of faith
Stlth  +++++.....               c - ring of wizardry
                                g - ring of sustain attributes

@: quick, somewhat resistant to hostile enchantments, quite stealthy
A: no armour, no weapons or thrown items, claws 1, fangs 3, horns 1, repulsion
field 1, large bone plates 1, molten scales 1, see invisible, carnivore 3, speed
1, shaggy fur 2, slow metabolism 1, sharp paws
a: Renounce Religion


You were on level 6 of the Dungeon.
You worshipped Xom.
You were a beloved toy of Xom.
You were completely stuffed.

You visited 1 branch of the dungeon, and saw 6 of its levels.
You also visited: Sewer.

You collected 268 gold pieces.
You spent 264 gold pieces at shops.

Inventory:

Jewellery
 c - a ring of wizardry (right paw)
 g - a ring of sustain attributes (left paw)
 l - an uncursed amulet of guardian spirit
 p - an uncursed amulet of resist corrosion
 r - an amulet of faith (around neck)
Magical devices
 f - a wand of polymorph (0)
 i - a wand of flame (43)
 j - a wand of slowing (20)
 s - a wand of magic darts (23)
 t - a wand of slowing (31)
Scrolls
 b - a scroll of magic mapping
 e - 2 scrolls of remove curse
 k - a scroll of immolation
 m - 2 scrolls of enchant weapon
 u - a scroll of blinking
 w - 2 scrolls of teleportation
 y - a scroll of fear {unknown}
Potions
 d - a potion of magic {unknown}
 h - a potion of flight
 n - 2 potions of haste
 x - 2 potions of heal wounds
 z - a potion of curing
 A - a potion of ambrosia
 B - a potion of lignification
Comestibles
 a - 4 meat rations
 q - 3 slices of pizza
 v - 2 beef jerkies


   Skills:
 - Level 6.1 Fighting
 - Level 5.7 Dodging
 - Level 10.0 Stealth
 + Level 4.9 Unarmed Combat


You had 6 spell levels left.
You didn't know any spells.

Dungeon Overview and Level Annotations

Branches:
Dungeon (6/15)
 Temple: D:4-7

Altars:
Fedhas
Nemelex Xobeh
Xom
Yredelemnul
The Shining One

Shops:
D:4 (   D:6 !

Annotations:
D:6 Dowan, Duvessa, Eustachio


Innate Abilities, Weirdness & Mutations

You cannot wear armour.
You are incapable of wielding weapons or throwing items.
You have sharp claws.
You have razor-sharp teeth.
You have supernaturally acute eyesight.
You are carnivorous and can eat meat at any time.
You cover ground quickly.
You are covered in thick fur (AC +2).
You have a slow metabolism.
Your sharp claws are effective at attacking unaware monsters.
You have a pair of small horns on your head.
You are surrounded by a mild repulsion field (EV +2).
You are partially covered in large bone plates (AC +2, SH +2).
You are partially covered in molten scales (AC +1).


Message History

Xom grants you insight.
You detect creatures!
The wyvern closely misses you.
You scratch the wyvern but do no damage.
You claw the wyvern.
The wyvern is heavily wounded.
The wyvern bites you!
* * * LOW HITPOINT WARNING * * *
You claw the wyvern! Your bite misses the wyvern.
The wyvern is severely wounded.
The wyvern misses you. x2
You closely miss the wyvern. Your headbutt misses the wyvern.
Your bite misses the wyvern.
The wyvern is severely wounded.
The wyvern completely misses you.
You claw the wyvern!
The wyvern is almost dead.
The wyvern bites you!!
Ouch! That really hurt!
You die...
Xom cackles wildly!

#...≈..≈≈...≈....≈
#..≈≈≈≈≈.≈≈≈≈≈.≈≈≈
#######..≈♣ ♣≈.≈♣ ♣≈.≈♣
#######..≈♣ ♣≈.≈♣ ♣≈.≈♣
#######..≈♣♣♣≈.≈♣♣♣≈≈≈♣♣
#######÷≈≈≈≈≈≈(≈≈≈≈≈(≈≈≈
#######.≈≈≈...(≈.(≈.≈.≈.
#######l###########..#..
#######@####### #.##..
#######.####### #.....
#######.####### ###...
#######.####### #...
#######.####### #...
#######.####### #...
#######†####### ##..
#######.####### ###.
#######.#############...


You could see a wyvern.

Vanquished Creatures
  An orc priest (D:4)
  A swamp drake (Sewer)
  A water moccasin (D:5)
  3 centaurs
  A scorpion (D:6)
  2 hounds
  An orc wizard (D:6)
  Crazy Yiuf (D:3)
  Ijyb (D:3)
  2 iguanas (D:5)
  A giant frog skeleton (D:6)
  A worker ant zombie (D:5)
  Robin (D:3)
  8 adders
  2 shadow imps (D:6)
  An ooze (D:5)
  A worm (D:2)
  8 orcs
  10 bats
  7 giant cockroaches
  10 goblins
  12 hobgoblins
  9 jackals
  8 kobolds
  2 ball pythons
  4 giant geckos
  A giant gecko skeleton (D:5)
  12 giant newts
  11 rats
123 creatures vanquished.

Vanquished Creatures (collateral kills)
  Pikel (D:4)
  A centaur (D:4)
  2 electric eels (D:6)
  2 orc wizards
  A worm (D:6)
  4 orcs
11 creatures vanquished.

Vanquished Creatures (others)
  A slave (D:4)
  A giant frog (Sewer)
2 creatures vanquished.

Grand Total: 136 creatures vanquished

Notes
Turn   | Place    | Note
--------------------------------------------------------------
     0 | D:1      | Monkaria the Felid Chaos Knight began the quest for the Orb.
     0 | D:1      | Reached XP level 1. HP: 10/10 MP: 2/2
   210 | D:1      | Reached skill level 1 in Stealth
   235 | D:1      | XOM: silly message
   295 | D:1      | Reached XP level 2. HP: 8/14 MP: 3/3
   456 | D:1      | XOM: harmless Air miscast
   644 | D:1      | XOM: 6-stop teleportation journey
  1052 | D:2      | Reached skill level 4 in Stealth
  1054 | D:2      | Reached XP level 3. HP: 17/17 MP: 4/4
  1382 | D:2      | XOM: summons 1 hostile demon
  1574 | D:2      | XOM: summons 1 hostile demon
  1874 | D:2      | Found a shimmering altar of Xom.
  1983 | D:3      | Reached skill level 5 in Stealth
  2043 | D:3      | Noticed Crazy Yiuf
  2049 | D:3      | Killed Crazy Yiuf
  2049 | D:3      | Reached XP level 4. HP: 21/21 MP: 5/5
  2062 | D:3      | XOM: colour smoke trail
  2147 | D:3      | Noticed Ijyb
  2152 | D:3      | XOM: potion effect (berserk rage)
  2155 | D:3      | XOM: divination: magic mapping
  2158 | D:3      | Killed Ijyb
  2158 | D:3      | Reached skill level 6 in Stealth
  2164 | D:3      | XOM: harmless Fire miscast
  2368 | D:3      | Found a basalt altar of Yredelemnul.
  2385 | D:3      | XOM: scenery: 1 doors open, 1 doors close
  2424 | D:3      | XOM is BORED!
  2424 | D:3      | XOM: mild Conj miscast
  2459 | D:3      | Noticed Robin
  2516 | D:3      | XOM: give mutations
  2516 | D:3      | Gained mutation: You have a pair of small horns on your head. [Xom's grace]
  2516 | D:3      | Gained mutation: You are partially covered in large bone plates (AC +2, SH +2). [Xom's grace]
  2516 | D:3      | Gained mutation: You are partially covered in molten scales (AC +1). [Xom's grace]
  2516 | D:3      | Gained mutation: You are surrounded by a mild repulsion field (EV +2). [Xom's grace]
  2545 | D:3      | XOM: swap monsters
  2553 | D:3      | Killed Robin
  2553 | D:3      | Reached XP level 5. HP: 13/24 MP: 6/6
  2574 | D:3      | XOM: silly message
  2674 | D:3      | XOM: silly message
  2864 | D:4      | Found Motolaill's Weapon Emporium.
  2920 | D:4      | Found a glowing golden altar of the Shining One.
  3017 | D:4      | Found a blossoming altar of Fedhas.
  3259 | D:4      | Noticed a slave
  3260 | D:4      | Noticed a slave
  3262 | D:4      | Noticed Pikel
  3267 | D:4      | Noticed a centaur
  3267 | D:4      | a slave changed into a centaur
  3267 | D:4      | XOM: polymorph slave -> centaur
  3286 | D:4      | Killed a centaur
  3351 | D:4      | Noticed a slave
  3355 | D:4      | Noticed a slave
  3366 | D:4      | Killed Pikel
  3366 | D:4      | Reached skill level 5 in Fighting
  3366 | D:4      | Gained mutation: You are covered in thick fur (AC +2). [Felid growth]
  3366 | D:4      | Reached XP level 6. HP: 18/31 MP: 7/7
  3439 | D:4      | Killed from afar by an orc priest
  3440 | D:4      | Reached XP level 5. HP: -2/27 MP: 6/6
  3500 | D:4      | Noticed a centaur
  3506 | D:4      | Found a sparkling altar of Nemelex Xobeh.
  3524 | D:4      | Killed a centaur
  3524 | D:4      | Reached XP level 6. HP: 26/31 MP: 7/7
  3662 | D:4      | Killed a freed slave
  3722 | D:4      | XOM: colour smoke trail
  3839 | D:4      | XOM: butterfly on damage
  3850 | D:4      | XOM: enchant monster (good)
  3895 | D:4      | XOM: harmless Fire miscast
  4014 | D:5      | Entered Level 5 of the Dungeon
  4087 | D:5      | Reached skill level 5 in Dodging
  4173 | D:5      | XOM: noise
  4181 | D:5      | XOM: smoke on damage
  4185 | D:5      | XOM: polymorph centaur -> hound
  4406 | D:5      | XOM: mild Ice miscast
  4663 | D:5      | Noticed a water moccasin
  4683 | D:5      | XOM: enchant monster (good)
  4684 | D:5      | Killed a water moccasin
  4684 | D:5      | Reached skill level 7 in Stealth
  4684 | D:5      | Reached XP level 7. HP: 20/34 MP: 8/8
  4697 | D:5      | XOM: silly message
  4700 | D:5      | XOM: harmless Fire miscast
  4717 | D:5      | XOM: god gift: glowing hand crossbow {god gift}
  4719 | D:5      | XOM: vitrification
  5060 | D:6      | XOM: 2-stop teleportation journey
  5083 | D:6      | Reached skill level 8 in Stealth
  5123 | D:6      | Noticed Eustachio
  5139 | D:6      | XOM: vitrification
  5158 | D:6      | Found a glowing drain.
  5159 | D:6      | Noticed Dowan
  5160 | D:6      | Noticed Duvessa
  5167 | Sewer    | Entered a sewer
  5577 | Sewer    | XOM: butterfly on damage
  5579 | Sewer    | XOM: fake destruction
  5581 | Sewer    | XOM: butterfly on damage
  5588 | Sewer    | XOM: swap monsters
  5607 | Sewer    | Reached skill level 9 in Stealth
  5707 | D:6      | XOM: 1-stop teleportation journey
  5711 | D:6      | XOM: butterfly on damage
  5716 | D:6      | XOM: summons 5 friendly demons
  5716 | D:6      | XOM: smoke on damage
  5717 | D:6      | Killed from afar by an electric eel
  5718 | D:6      | Reached XP level 6. HP: -2/31 MP: 7/7
  5729 | D:6      | Reached skill level 10 in Stealth
  5735 | D:6      | Found Dofiv's Distillery.
  5735 | D:6      | XOM: 5-stop teleportation journey
  5736 | D:6      | Reached XP level 7. HP: 34/34 MP: 8/8
  5861 | D:6      | HP: 1/34 [centaur (9)]
  5885 | D:6      | Bought a potion of heal wounds for 55 gold pieces
  5885 | D:6      | Bought a potion of curing for 33 gold pieces
  5885 | D:6      | Bought a potion of ambrosia for 88 gold pieces
  5885 | D:6      | Bought a potion of heal wounds for 55 gold pieces
  5885 | D:6      | Bought a potion of lignification for 33 gold pieces
  6034 | D:6      | XOM: enchant monster (good)
  6092 | D:6      | XOM: cast spell 'Discord'
  6108 | D:6      | XOM: fog
  6125 | D:6      | XOM: vitrification
  6129 | D:6      | Noticed a wyvern
  6129 | D:6      | an electric eel changed into a wyvern
  6142 | D:6      | XOM: divination: detect creatures
  6146 | D:6      | Demolished by a wyvern

Vault maps used:
D:1:      dpeg_arrival_refuge
D:2:      lemuel_crystal_altar, first_bread
D:3:      yredelemnul_altar_generic, uniq_crazy_yiuf_cottage, uniq_robin,
          uniq_iyjb
D:4:      old_standard_altar, kennysheep_mini_moat, tso_metal_star,
          serial_shops, nicolae_shop_window_shopping, minivault_19, uniq_pikel
D:6:      portal_sewer_entry_a, serial_shops, nicolae_shop_stone,
          kennysheep_boxes, uniq_duvessa, uniq_eustachio
Sewer:    sewer_frog_island_01

Action                   |  1- 3 |  4- 6 |  7- 9 || total
-------------------------+-------+-------+-------++-------
Melee: Unarmed           |   141 |   198 |   160 ||   499
Evoke: Wand              |       |     2 |    21 ||    23
  Use: Scroll            |       |     6 |    12 ||    18
       Potion            |       |       |     7 ||     7
 Stab: Sleeping          |    15 |     4 |     5 ||    24
       Paralysed         |       |     2 |       ||     2
       Distracted        |       |       |     1 ||     1
  Eat: Chunk             |     8 |    13 |     8 ||    29
